 Dungeon Crawl Stone Soup version 0.28-a0-1236-gb25a51b929 (webtiles) character file.

Game seed: 1663731979072924284

4904 porpoise the Thaumaturge (level 10, -11/58 HPs)
             Began as a Deep Elf Conjurer on Dec 25, 2021.
             Was a Believer of Vehumet.
             Killed from afar by a tengu conjurer (25 damage)
             ... with a bolt of lightning
             ... on level 9 of the Dungeon on Dec 26, 2021.
             The game lasted 00:33:00 (7450 turns).

porpoise the Thaumaturge (Deep Elf Conjurer)        Turns: 7450, Time: 00:33:00

Health: -11/58     AC: 14    Str: 12    XL:     10   Next: 27%
Magic:  12/27      EV: 11    Int: 26    God:    Vehumet [**....]
Gold:   724        SH:  0    Dex: 13    Spells: 19/32 levels left

rFire   . . .      SeeInvis .   b - +2 hand crossbow (freeze)
rCold   . . .      Faith    .   (no shield)
rNeg    . . .      Spirit   .   V - +0 acid dragon scales
rPois   +          Reflect  .   H - +0 helmet
rElec   .          Harm     .   o - +1 cloak {rPois}
rCorr   +          Rampage  .   y - +0 pair of gloves
Will    +....                   (no boots)
Stlth   +++.......              h - amulet of magic regeneration
HPRegen 0.19/turn               j - +4 ring of protection
MPRegen 0.60/turn               q - +6 ring of strength

@: no status effects
A: no striking features
a: Renounce Religion


You were on level 9 of the Dungeon.
You worshipped Vehumet.
Vehumet was pleased with you.
You visited 2 branches of the dungeon, and saw 10 of its levels.
You also visited: Ossuary.

You collected 724 gold pieces.

Inventory:

Hand Weapons
 a - a +5 dagger
 b - a +2 hand crossbow of freezing (weapon)
Missiles
 k - 66 sling bullets
 n - 202 stones
 R - 67 poisoned darts
 S - 33 bolts (quivered ammo)
 T - a boomerang
Armour
 o - a +1 cloak of poison resistance (worn)
 p - a +0 robe
 v - a +2 leather armour of poison resistance
 y - a +0 pair of gloves (worn)
 H - a +0 helmet (worn)
 V - +0 acid dragon scales (worn)
Jewellery
 d - a ring of fire
 e - a ring of ice
 h - an amulet of magic regeneration (around neck)
 j - a +4 ring of protection (left hand)
 q - a +6 ring of strength (right hand)
 t - a ring of flight
 x - a ring of poison resistance
Wands
 I - a wand of polymorph (4)
 P - a wand of flame (1)
Scrolls
 f - 2 scrolls of vulnerability
 m - a scroll of fear
 z - a scroll of enchant weapon
 B - 2 scrolls of immolation
 C - a scroll of blinking
 D - 2 scrolls of magic mapping {unknown}
 E - a scroll of brand weapon {unknown}
 F - a scroll of amnesia {unknown}
 G - 2 scrolls of teleportation {unknown}
 J - a scroll of silence {unknown}
 K - a scroll of fog
 Q - a scroll of identify
Potions
 c - 2 potions of heal wounds {unknown}
 g - 8 potions of curing
 i - 2 potions of haste {unknown}
 l - 4 potions of attraction {unknown}
 r - 4 potions of invisibility
 s - 3 potions of magic
 u - a potion of flight {unknown}
 w - a potion of might {unknown}
 A - a potion of resistance {unknown}
 L - a potion of ambrosia {unknown}
 M - a potion of mutation {unknown}
 N - a potion of brilliance {unknown}
 U - a potion of cancellation {unknown}
Miscellaneous
 O - a tin of tremorstones (2/2)


   Skills:
 * Level 4.8 Fighting
 - Level 2.4 Dodging
 - Level 7.0 Stealth
 * Level 11.5 Spellcasting
 - Level 7.0 Conjurations
 - Level 7.0 Hexes
 - Level 5.0 Translocations
 + Level 4.6 Evocations


You had 19 spell levels left.
You knew the following spells:

 Your Spells              Type           Power      Damage    Failure   Level
a - Magic Dart            Conj           100%       1d8       1%          1
b - Searing Ray           Conj           100%       2d8       1%          2
c - Fulminant Prism       Conj/Hex       25%        3d14      3%          4
d - Iskenderun's Mystic   Conj/Tloc      46%        2d10      4%          4
k - Blink                 Tloc           80%        N/A       1%          2

Your spell library contained the following spells:

 Spells                   Type           Power      Damage    Failure   Level
 Static Discharge         Conj/Air       33%        N/A       2%          2
 Dazzling Flash           Conj/Hex       100%       N/A       1%          3
 Lesser Beckoning         Tloc           40%        N/A       2%          3
 Cause Fear               Hex            25%        N/A       3%          4
 Manifold Assault         Tloc           40%        N/A       22%         5
 Animate Dead             Necr           7%         N/A       52%         4
 Borgnjor's Vile Clutch   Necr/Erth      7%         N/A       86%         5
 Death Channel            Necr           7%         N/A       100%        6
 Dragon Form              Tmut           7%         N/A       100%        7
 Dragon's Call            Summ           7%         N/A       100%        9


Dungeon Overview and Level Annotations

Branches:
Dungeon (10/15)            Temple (1/1) D:5            Lair (0/6) D:9
Ossuary (visited)
    Orc: D:9-12

Altars:
Ashenzari
Cheibriados
Dithmenos
Elyvilon
Fedhas
Hepliaklqana
Kikubaaqudgha
Nemelex Xobeh
Okawaru
Trog
Uskayaw
Vehumet
Xom
Yredelemnul
Zin
The Shining One

Shops:
D:2 (

Annotations:
D:9 Grum


Message History

Confirm with . or Enter, or press ? or * to list all spells.
You can't see any susceptible monsters within range! (Use Z to cast anyway.) Unknown command.
The centaur warrior wields a +1 longbow of flaming.
It bursts into flame!
The centaur warrior shoots an arrow.
The arrow hits your fulminant prism.
Your fulminant prism explodes!
The blast of energy engulfs the vampire mosquito!!
The vampire mosquito is severely damaged.
The blast of energy engulfs the centaur warrior.
The centaur warrior is lightly wounded.
Casting: Iskenderun's Mystic Blast (dangerous; 4% risk of failure)
Confirm with . or Enter, or press ? or * to list all spells.
Aiming: Fulminant Prism (dangerous; 3% risk of failure)
Press: ? - help, Dir - move target You conjure a prism of explosive energy!
A fulminant prism comes into view.
The centaur warrior shoots an arrow.
The arrow hits you! The arrow burns you.
A tengu conjurer comes into view.
Casting: Fulminant Prism (dangerous; 3% risk of failure)
Confirm with . or Enter, or press ? or * to list all spells.
Aiming: Searing Ray (safe; 1% risk of failure)
Press: ? - help, Shift-Dir - straight line, f - centaur warrior
Aim: a centaur warrior, wielding a +1 longbow of flaming and quivering arrows (lightly wounded, ally target, 87% to hit)
The searing ray hits the centaur warrior.
The centaur warrior is moderately wounded. (Press . to maintain the ray.)
Your fulminant prism crackles loudly.
The searing ray hits the vampire mosquito!
You destroy the vampire mosquito!
Vehumet accepts your kill.
The searing ray hits the centaur warrior.
The centaur warrior is moderately wounded.
The centaur warrior shoots an arrow.
The arrow hits you!!
* * * LOW HITPOINT WARNING * * *
The arrow burns you.
* * * LOW HITPOINT WARNING * * *
The tengu conjurer gestures at you while chanting.
The bolt of lightning hits you!!
You die...

............# #
...........## #
...........# ##
..........## #.
#.......# #.
#......## #..
#......# #..
#.....## ...
#....@# ...
.......#†....Q.
... .......
.c##... ..
......# .*..
...... ##...
.....# ##...
..... ##. ....#
#.......
##.....h.


You could see a centaur warrior (ally target), a tengu conjurer and a friendly
fulminant prism.

Vanquished Creatures
  A gargoyle (D:9)
  A komodo dragon (D:7)
  A kobold demonologist (D:9)
  2 trolls
  A shadow (D:7)
  Sigmund (D:4)
  A vampire mosquito (D:9)
  Edmund (D:4)
  An acid dragon (D:9)
  An orc warrior (D:9)
  A sky beast (D:6)
  3 ogres
  2 necrophages (D:10)
  A centaur (D:5)
  3 wolves (D:9)
  A phantom (D:5)
  A bullfrog (D:6)
  4 kobold brigands
  3 scorpions
  2 water moccasin skeletons
  5 killer bees (D:9)
  3 wights (D:10)
  A howler monkey (D:6)
  2 electric eels (D:9)
  Crazy Yiuf (D:2)
  A bullfrog skeleton (D:7)
  3 centaur zombies
  2 orc priests
  A centaur skeleton (D:7)
  6 hounds
  4 jellies
  4 iguanas
  A scorpion zombie (D:5)
  3 orc wizards
  8 mummies (Ossuary)
  2 howler monkey zombies (D:7)
  6 adders
  An ufetubus (D:6)
  2 dart slugs
  11 orcs
  6 ball pythons
  6 bats
  6 endoplasms
  4 giant cockroaches
  2 gnoll zombies (Ossuary)
  6 goblins
  6 hobgoblins
  5 jackals
  14 kobolds
  4 quokkas
  7 frilled lizards
  2 hobgoblin zombies (Ossuary)
  2 kobold zombies (Ossuary)
  2 orc zombies (Ossuary)
  A quokka skeleton (D:4)
  9 rats
181 creatures vanquished.

Vanquished Creatures (others)
  17 fulminant prisms
  3 plants (D:7)
  2 withered plants (D:10)
22 creatures vanquished.

Grand Total: 203 creatures vanquished

Notes
Turn   | Place    | Note
-------+----------+-------------------------------------------
     0 | D:1      | porpoise the Deep Elf Conjurer began the quest for the Orb.
     0 | D:1      | Reached XP level 1. HP: 10/10 MP: 6/6
   229 | D:1      | Reached XP level 2. HP: 15/15 MP: 5/8
   260 | D:1      | Learned a level 2 spell: Searing Ray
   306 | D:1      | Reached skill level 5 in Conjurations
   761 | D:1      | Found a faded altar of an unknown god.
   973 | D:2      | Reached XP level 3. HP: 19/19 MP: 7/9
  1079 | D:2      | Found Gotoedub's Weapon Emporium.
  1158 | D:2      | Found a runed translucent door.
  1159 | D:2      | Noticed Crazy Yiuf
  1166 | D:2      | Killed Crazy Yiuf
  1167 | D:2      | Reached XP level 4. HP: 20/24 MP: 7/11
  1365 | D:2      | Learned a level 2 spell: Blink
  1370 | D:2      | Learned a level 4 spell: Fulminant Prism
  1390 | D:2      | Reached skill level 1 in Hexes
  1680 | D:3      | Reached skill level 4 in Spellcasting
  1680 | D:3      | Reached XP level 5. HP: 28/28 MP: 5/13
  1904 | D:3      | Found a shimmering altar of Xom.
  2099 | D:3      | Learned a level 4 spell: Iskenderun's Mystic Blast
  2387 | D:4      | Noticed Edmund
  2397 | D:4      | Killed Edmund
  2398 | D:4      | Reached skill level 5 in Spellcasting
  2398 | D:4      | Reached XP level 6. HP: 30/32 MP: 3/16
  2601 | D:4      | Found a sand-covered staircase.
  2606 | Ossuary  | Entered an ossuary
  2862 | Ossuary  | Reached skill level 6 in Spellcasting
  3210 | D:4      | Reached XP level 7. HP: 36/36 MP: 16/18
  3255 | D:4      | Found a sparkling altar of Nemelex Xobeh.
  3628 | D:4      | Found an iron altar of Okawaru.
  3628 | D:4      | Found a hazy altar of Hepliaklqana.
  3676 | D:4      | Noticed Sigmund
  3685 | D:4      | Killed Sigmund
  3686 | D:4      | Reached skill level 5 in Hexes
  4045 | D:5      | Entered Level 5 of the Dungeon
  4051 | D:5      | Reached skill level 5 in Stealth
  4051 | D:5      | Reached skill level 7 in Spellcasting
  4362 | D:5      | Reached XP level 8. HP: 32/41 MP: 17/20
  4482 | D:5      | Found a staircase to the Ecumenical Temple.
  4488 | Temple   | Entered the Ecumenical Temple
  4551 | Temple   | Became a worshipper of Vehumet
  4759 | D:5      | Reached skill level 1 in Translocations
  5760 | D:6      | Reached skill level 8 in Spellcasting
  5879 | D:6      | Identified the +4 chain mail "Rimnustru" {Str-4 Int+6}
  5999 | D:7      | Reached skill level 1 in Evocations
  5999 | D:7      | Reached XP level 9. HP: 45/45 MP: 19/23
  6050 | D:7      | Reached skill level 5 in Translocations
  6239 | D:7      | Noticed a komodo dragon
  6246 | D:7      | Killed a komodo dragon
  6247 | D:7      | Reached skill level 1 in Fighting
  6247 | D:7      | Reached skill level 9 in Spellcasting
  6328 | D:7      | You fall into a shaft and drop 3 floors!
  6328 | D:10     | Entered Level 10 of the Dungeon
  6331 | D:9      | Noticed Grum
  6399 | D:10     | Reached * piety under Vehumet
  6399 | D:10     | Offered knowledge of Freeze by Vehumet.
  6793 | D:10     | Noticed a troll
  6801 | D:10     | Killed a troll
  6891 | D:9      | Reached skill level 10 in Spellcasting
  6974 | D:9      | Noticed a troll
  6977 | D:9      | Killed a troll
  7159 | D:9      | Reached XP level 10. HP: 50/56 MP: 26/26
  7180 | D:9      | Noticed a gargoyle
  7188 | D:9      | Killed a gargoyle
  7189 | D:9      | Reached skill level 11 in Spellcasting
  7207 | D:9      | Reached ** piety under Vehumet
  7284 | D:9      | Found a staircase to the Lair.
  7305 | D:9      | Offered knowledge of Static Discharge by Vehumet.
  7443 | D:9      | Noticed a boulder beetle
  7444 | D:9      | Noticed a centaur warrior
  7450 | D:9      | Killed from afar by a tengu conjurer

Illustrated notes

Levels and vault maps discovered:
D:1:      minmay_arrival_doors, layout_loops_ring,
          shapermc_ecumenical_altar_mp_highgroup
D:2:      cheibrodos_helix_gallery, layout_basic, serial_shops,
          nicolae_lakefront_shop, kennysheep_potato, uniq_crazy_yiuf_cottage
D:3:      layout_rooms, mainiacjoe_overflow_surrounded_room
D:4:      layout_layer_cave, lemuel_tele_altar, gammafunk_temple_overflow_pools,
          cheibrodos_sewer_entry_drain, enter_ossuary_5, uniq_edmund,
          uniq_sigmund
D:5:      layout_loops_cross, minmay_temple_entry_arrows
D:6:      layout_basic
D:7:      minmay_recursive_quarters, layout_rooms, minmay_lizard_king
D:9:      minmay_the_grid_triangle_9x9_rhombus_thin_mashed
          [minmay_the_grid_triangle_9x9_descending_squares,
          minmay_the_grid_triangle_9x9_prize_insulated,
          minmay_the_grid_triangle_9x9_tough_junction,
          minmay_the_grid_triangle_9x9_odd_lines], layout_irregular_city,
          erik_lair_island, uniq_grum
D:10:     layout_roguey, minitemple, serial_undead, serial_undead_f,
          serial_undead_f, serial_undead_b, serial_undead_e
Temple:   regret_index_temple_waves

Skill      XL: |  1  2  3  4  5  6  7  8  9 10 |
---------------+-------------------------------+-----
Conjurations   | 5 6 7 |  7.0
Hexes          | 2 3 4 7 |  7.0
Spellcasting   | 4 5 6 7 8 10 11 | 11.5
Stealth        | 3 4 5 7 |  7.0
Translocations | 4 5 |  5.0
Evocations     | 1 4 |  4.6
Fighting       | 4 |  4.8
Dodging        | |  2.4

Action                   |  1- 3 |  4- 6 |  7- 9 | 10-12 || total
-------------------------+-------+-------+-------+-------++-------
Melee: Dagger            |       |     2 |     1 |       ||     3
 Fire: Hand crossbow     |       |       |       |     3 ||     3
Throw: Dart              |       |       |     5 |       ||     5
 Cast: Magic Dart        |    51 |    39 |     2 |       ||    92
       Searing Ray       |     2 |    37 |    69 |     8 ||   116
       Fulminant Prism   |       |     1 |     7 |    10 ||    18
       Iskenderun's Myst |       |       |     3 |     4 ||     7
Evoke: Wand              |       |       |     4 |     1 ||     5
  Use: Scroll            |       |     5 |     5 |       ||    10
Armor: Robe              |     1 |     8 |    18 |     5 ||    32
Dodge: Dodged            |     3 |     8 |    48 |    13 ||    72

Table legend: (Time is in decaauts)
 A = Elapsed time spent in this place.
 B = Non-inter-level travel time spent in this place.
 C = Inter-level travel time spent in this place.
 D = Time resting spent in this place.
 E = Time spent auto-exploring this place.
 F = Levels seen in this place.
 G = Mean time per level.
                   A        B        C        D        E       F      G
               +--------+--------+--------+--------+--------+-----+--------+
         Total |   7455 |   7257 |    198 |   2100 |   3432 |  11 |  677.7 |
       Dungeon |   6881 |   6722 |    159 |   1921 |   3386 |   9 |  764.6 |
        Temple |    103 |     64 |     39 |      0 |     46 |   1 |  103.0 |
       Ossuary |    470 |    470 |      0 |    179 |      0 |   1 |  470.0 |
               +--------+--------+--------+--------+--------+-----+--------+

Top non-repeatable levels by time:
     D:4: 1222 daAuts
     D:5: 1122 daAuts
     D:1: 938 daAuts
     D:6: 724 daAuts
     D:3: 707 daAuts
     D:2: 705 daAuts
     D:9: 584 daAuts
    D:10: 542 daAuts
 Ossuary: 470 daAuts
     D:7: 333 daAuts
  Temple: 103 daAuts
